 Dungeon Crawl Stone Soup version 0.13.0-9-gbc74161 (webtiles) character file.

568 Mathinus the Poker (level 6, -4/47 HPs)
             Began as a Merfolk Abyssal Knight on Oct 9, 2013.
             Was an Elder of Lugonu.
             Killed from afar by an orc wizard (8 damage)
             ... with a magic dart
             ... on Level 5 of the Dungeon on Oct 17, 2013.
             The game lasted 00:26:46 (3523 turns).

Mathinus the Poker (Merfolk Abyssal Knight)         Turns: 3523, Time: 00:26:46

HP  -4/47        AC  9     Str 15      XL: 6   Next: 71%
MP   6/8         EV 11     Int 11      God: Lugonu [****..]
Gold 195         SH  0     Dex 13      Spells:  0 memorised,  5 levels left

Res.Fire  : . . .   See Invis. : .   a - +3 spear {=f}
Res.Cold  : . . .   Warding    : .   f - +0 elf ring mail
Life Prot.: + . .   Conserve   : .   (no shield)
Res.Poison: .       Res.Corr.  : .   (no helmet)
Res.Elec. : .       Clarity    : .   (no cloak)
Sust.Abil.: . .     Spirit.Shd : .   (no gloves)
Res.Mut.  : .       Stasis     : .   h - +0 pair of elf boots
Res.Rott. : .       Flight     : .   (no amulet)
Saprovore : . . .                    i - +3 ring of protection
                                     q - ring of positive energy

@: slightly resistant to hostile enchantments, unstealthy
A: change form in water, swift swim
a: Depart the Abyss, Bend Space, Banish, Corrupt, Renounce Religion


You were on level 5 of the Dungeon.
You worshipped Lugonu.
Lugonu was greatly pleased with you.
You were not hungry.

You visited 1 branch of the dungeon, and saw 5 of its levels.
You visited the Abyss 1 time.

You collected 175 gold pieces.

Inventory:

Hand weapons
 a - a +3,+3 spear (weapon) {=f}
 j - a +2,+2 dagger of protection
 n - a +0,+0 bow
 u - a +0,+0 trident
Missiles
 o - 3 javelins (quivered)
 s - 19 arrows
Armour
 b - a +0 leather armour
 f - a +0 elven ring mail (worn)
 h - a +0 pair of elven boots (worn)
 l - a +0 chain mail
Magical devices
 d - a wand of magic darts (8) {unknown}
 m - a wand of disintegration (8) {unknown}
Comestibles
 c - 2 bread rations
 p - an apple
 r - 2 meat rations
 A - a snozzcumber
Scrolls
 g - 4 scrolls of remove curse
 k - 6 scrolls of identify
Jewellery
 i - a +3 ring of protection (right hand)
 q - a ring of positive energy (left hand)
Potions
 e - 2 potions of heal wounds
 t - 4 potions of brilliance
 v - 2 potions of curing
 w - 2 potions of paralysis {unknown}
 x - 2 potions of magic
 z - a potion of blood {unknown}
Books
 y - a Grand Grimoire {highlevel}

   This book is beyond your current level of understanding.

   Spells                             Type                      Level
   Demonic Horde                      Summoning                    6
   Mass Abjuration                    Summoning                    6
   Haunt                              Necromancy/Summoning         7
   Summon Greater Demon               Summoning                    7
   Malign Gateway                     Summoning/Translocation      7
   Summon Horrible Things             Summoning                    8


   Skills:
 + Level 4.7 Fighting
 + Level 5.5 Polearms
 + Level 2.1 Armour
 + Level 5.3 Dodging
 + Level 0.2 Stealth
 + Level 2.3 Invocations


You had 5 spell levels left.
You didn't know any spells.

Dungeon Overview and Level Annotations

Branches:
Dungeon (5/27)
 Temple: D:4-7

Altars:
Makhleb
Nemelex Xobeh
Xom


Message History

The hound zombie bites you but does no damage.
The jackal barely misses you.
Use which ability? (? or * to list) Space bends around you!
You blink.
You feel slightly more hungry.
The orc wizard points at you and mumbles some strange words.
The puff of flame misses you.
The orc wizard glows brightly for a moment.
The orc wizard glows brightly for a moment.
The orc priest calls down the wrath of Beogh upon you.
Something smites you!
* * * LOW HITPOINT WARNING * * *
The orc wizard casts a spell.
You feel troubled.
Use which ability? (? or * to list) Space bends around you!
You blink.
* * * LOW HITPOINT WARNING * * *
You feel slightly more hungry.
The orc wizard points at you and mumbles some strange words.
The magic dart hits you!
You die...

#.# #.# #ยง# #.#
#.########.#
#h.........#
#zZ........#########
#................hho
#.hoo..........#####
#...o..........#....
#..@...........#....
#..............#####
#...................
#.....######........
#.....#....#........
#.....#....#........
#.....#....#........
#.....#....'.#######
#.....#....#.#.....#


You could see an orc priest, an orc wizard, an orc, a hound zombie, a centaur
zombie and 2 jackals.

Vanquished Creatures
  A centaur (D:5)
  2 iguanas (D:4)
  2 hound skeletons (D:4)
  2 adders
  A gnoll (D:1)
  A giant mite (D:3)
  4 worms
  A giant eyeball (D:4)
  A giant gecko (D:1)
  An ooze (D:3)
  An orc (D:3)
  5 bats
  9 goblins
  14 hobgoblins
  18 jackals
  14 kobolds
  A quokka (D:3)
  6 giant cockroaches
  7 giant newts
  A hobgoblin skeleton (D:4)
  13 rats
105 creatures vanquished.

Vanquished Creatures (others)
  An ogre (D:4)
1 creature vanquished.

Grand Total: 106 creatures vanquished

Notes
Turn   | Place    | Note
--------------------------------------------------------------
     0 | Abyss:1  | Mathinus, the Merfolk Abyssal Knight, began the quest for the Orb.
     0 | Abyss:1  | Reached XP level 1. HP: 16/16 MP: 1/1
    33 | D:1      | Escaped the Abyss
   130 | D:1      | Reached XP level 2. HP: 19/22 MP: 2/2
   140 | D:1      | Acquired Lugonu's second power
   215 | D:1      | Found a shimmering altar of Xom.
   215 | D:1      | Found a shimmering altar of Xom.
   217 | D:1      | Found a shimmering altar of Xom.
   376 | D:1      | Upgraded the game from 0.13-b1-45-g38f3f9b to 0.13.0
   426 | D:1      | Reached skill level 4 in Fighting
   474 | D:1      | Reached XP level 3. HP: 28/28 MP: 4/4
   798 | D:2      | Reached XP level 4. HP: 23/35 MP: 5/5
   847 | D:2      | Acquired Lugonu's third power
  1170 | D:2      | Reached skill level 1 in Armour
  1745 | D:3      | Acquired Lugonu's fourth power
  1835 | D:3      | Reached XP level 5. HP: 34/40 MP: 6/6
  2236 | D:4      | Upgraded the game from 0.13.0 to 0.13.0-9-gbc74161
  2441 | D:4      | Found a sparkling altar of Nemelex Xobeh.
  2454 | D:4      | Noticed an ogre
  2542 | D:4      | Banished an ogre
  2542 | D:4      | Reached skill level 5 in Polearms
  2644 | D:4      | Reached XP level 6. HP: 24/47 MP: 8/8
  2931 | D:4      | Paralysed by a giant eyeball for 3 turns
  2938 | D:4      | Paralysed by a giant eyeball for 2 turns
  3004 | D:4      | Reached skill level 5 in Dodging
  3031 | D:4      | Noticed an ogre
  3056 | D:4      | Found a burning altar of Makhleb.
  3217 | D:5      | Entered Level 5 of the Dungeon
  3523 | D:5      | Killed from afar by an orc wizard

Action                   |  1- 3 |  4- 6 || total
-------------------------+-------+-------++-------
Melee: Spear             |   111 |   307 ||   418
Invok: Banish            |       |     2 ||     2
       Bend Space        |       |     3 ||     3
  Use: Potion            |     1 |     4 ||     5
       Scroll            |     5 |     5 ||    10
